Map: [ESL] Inside and Out

Players

Spirit (souL)

  • Race: Terran Terran
  • Spawn Location: 1:00

Lambo - Winner!

  • Race: Zerg Zerg
  • League: Master
  • Spawn Location: 7:00

Event: HomeStory Cup XXI

VOD

Have the link to the VOD?

Description

Time

  • Played on: July 23, 2022, 9:26 a.m.
  • Length: 16:35

All games in this series

Show
View Real Time Build Order
Export as new Build Order

Spirit Terran 

Build Orders: Command Center First (CC), Hellion Banshee 

Get SALT Encoding   

  12  0:00  SCV  
  13  0:12  SCV  
  14  0:17  Supply Depot  
  14  0:24  SCV  
  15  0:38  SCV  
  16  0:50  SCV  
  17  1:00  Command Center  
  17  1:03  SCV  
  18  1:12  Barracks  
  18  1:16  SCV  
  19  1:20  Refinery  
  19  1:28  SCV  
  19  1:30  Refinery  
  20  1:40  SCV  
  21  1:58  Orbital Command  
  21  1:59  Reaper  
  22  2:11  Orbital Command  
  22  2:18  Factory  
  22  2:24  SCV, Supply Depot  
  23  2:31  Barracks Reactor  
  23  2:36  SCV  
  24  2:38  SCV  
  25  2:48  SCV  
  25  2:50  SCV  
  27  2:55  Command Center  
  27  3:00  SCV  
  27  3:02  SCV  
  27  3:03  Starport  
  29  3:12  SCV  
  30  3:14  Hellion  
  30  3:15  Hellion, SCV  
  35  3:21  Barracks Tech Lab  
  35  3:24  SCV  
  35  3:26  Supply Depot  
  37  3:27  SCV  
  37  3:36  Hellion x2, SCV  
  37  3:39  SCV  
  43  3:46  Banshee  
  46  3:49  Cloaking Field, SCV  
  46  3:51  SCV  
  46  3:54  Barracks Tech Lab  
  48  3:59  Hellion x2  
  48  4:01  SCV  
  53  4:03  SCV  
  53  4:07  Orbital Command  
  54  4:12  Supply Depot  
  54  4:13  SCV  
  54  4:14  Stimpack  
  54  4:15  SCV, Marine  
  57  4:22  Hellion  
  61  4:24  Hellion  
  61  4:25  SCV  
  61  4:27  SCV  
  63  4:31  Orbital Command, Banshee  
  63  4:36  Supply Depot  
  63  4:37  SCV  
  67  4:39  SCV  
  67  4:41  Refinery  
  67  4:42  Refinery  
  68  4:49  SCV  
  68  4:51  SCV  
  68  4:52  Barracks, Factory Reactor  
  70  4:53  Barracks  
  70  4:54  Marine  
  70  4:58  SCV  
  70  4:59  Supply Depot  
  72  5:01  SCV  
  72  5:03  SCV  
  72  5:05  Engineering Bay x2  
  74  5:10  SCV  
  74  5:13  SCV  
  76  5:17  Barracks x2  
  76  5:18  SCV  
  76  5:21  Supply Depot  
  77  5:22  Starport Reactor  
  77  5:23  Marine  
  77  5:26  SCV x2  
  80  5:30  Supply Depot  
  80  5:31  SCV  
  80  5:32  Terran Infantry Armor Level 1, Terran Infantry Weapons Level 1  
  81  5:38  SCV  
  81  5:39  Siege Tank, Marine  
  81  5:41  Marine  
  81  5:42  SCV  
  88  5:44  Supply Depot  
  88  5:48  Supply Depot  
  88  5:50  Marine  
  88  5:51  Marine x2  
  88  5:57  Marine  
  91  6:00  Marine  
  91  6:02  Combat Shield  
  94  6:08  Marine, Barracks Reactor  
  94  6:09  Medivac x2  
  99  6:11  SCV x2  
  99  6:13  SCV  
  99  6:15  Marine  
  99  6:16  Barracks Reactor  
  99  6:17  Bunker, Marine x2  
  104  6:21  Marine  
  104  6:23  SCV x2  
  107  6:26  Marine, Supply Depot  
  107  6:29  Siege Tank  
  111  6:32  Marine  
  111  6:34  Marine  
  111  6:35  SCV, Marine  
  111  6:39  Medivac, Marine  
  117  6:40  SCV  
  117  6:44  Marine  
  117  6:45  Supply Depot, Marine  
  117  6:46  Supply Depot, Marine  
  121  6:50  Marine  
  121  6:52  Marine  
  121  6:53  Marine  
  124  6:54  Marine  
  124  6:55  Marine  
  124  6:56  SCV, Marine  
  124  6:57  Medivac  
  124  6:58  SCV  
  115  7:01  Siege Tank  
  115  7:02  Marine  
  115  7:05  Armory, Marine x2  
  115  7:07  Refinery  
  115  7:08  Marine, Supply Depot  
  121  7:12  SCV x3  
  121  7:13  Marine x3  
  128  7:16  Marine x2  
  128  7:19  Marine  
  131  7:23  Marine x2  
  131  7:29  Marine  
  134  7:30  Marine x2, Command Center  
  134  7:31  Marine  
  137  7:38  Medivac  
  137  7:41  Marine x5  
  137  7:43  Siege Tank  
  147  7:47  Marine  
  147  7:48  Marine x3  
  149  7:55  Medivac  
  151  7:58  Marine x3  
  151  7:59  Marine x2  
  151  8:03  Supply Depot  
  151  8:05  Supply Depot, Marine  
  157  8:08  Supply Depot  
  157  8:22  Marine x2  
  157  8:23  Marine x2  
  157  8:25  Medivac, Marine x4  
  157  8:26  Marine  
  167  8:27  Siege Tank  
  167  8:40  Marine x3  
  167  8:41  Marine  
  160  8:42  Marine x4  
  160  8:47  Marine  
  162  8:55  SCV x2  
  162  8:56  Terran Infantry Armor Level 2, Terran Infantry Weapons Level 2  
  162  8:58  Marine x4  
  162  8:59  Siege Tank  
  162  9:00  Marine x4  
  174  9:05  Marine  
  168  9:16  Marine x4  
  157  9:18  Marine x4  
  143  9:27  Marine  
  143  9:31  Siege Tank  
  135  9:34  Marine x4  
  135  9:36  Marine x4  
  129  9:40  SCV  
  129  9:45  Marine  
  118  9:48  SCV x2  
  118  9:51  Marine x2  
  118  9:52  SCV, Marine x2  
  116  9:54  Marine x4  
  116  9:58  Liberator x2  
  123  10:00  SCV x2  
  123  10:02  Marine  
  123  10:03  Siege Tank  
  123  10:04  SCV  
  129  10:09  Marine x3  
  129  10:10  Marine  
  129  10:11  Marine  
  129  10:12  SCV x2  
  136  10:14  Factory  
  136  10:16  SCV, Marine  
  138  10:22  Marine  
  138  10:24  SCV x2  
  141  10:28  SCV  
  141  10:35  Siege Tank  
  144  10:36  SCV x2  
  144  10:40  SCV, Marine  
  144  10:41  Marauder, Liberator  
  150  10:48  SCV x2, Marine  
  147  10:50  Marine  
  147  10:51  Marine x4  
  147  10:53  SCV  
  147  10:55  Marine  
  128  10:58  Marine  
  128  11:00  SCV x2  
  128  11:02  Marauder  
  133  11:05  SCV  
  133  11:06  Factory Tech Lab  
  133  11:07  Siege Tank  
  133  11:11  Planetary Fortress  
  134  11:12  SCV x2  
  134  11:17  SCV  
  132  11:20  Marine  
  132  11:23  Marine  
  132  11:24  SCV x2  
  130  11:29  SCV  
  130  11:36  SCV  
  130  11:37  SCV  
  130  11:39  Siege Tank, Supply Depot  
  135  11:41  Refinery, SCV  
  135  11:43  Marine  
  135  11:44  Marauder  
  135  11:46  Drilling Claws  
  139  11:48  SCV, Widow Mine  
  139  11:49  SCV  
  139  11:52  SCV  
  139  11:53  SCV  
  143  11:58  Marine x5  
  143  11:59  Bunker  
  143  12:01  SCV x2, Marine x3  
  148  12:02  Barracks  
  148  12:04  Barracks  
  148  12:05  Barracks, SCV, Marauder  
  153  12:09  Widow Mine  
  153  12:12  SCV, Widow Mine  
  158  12:18  Marine x2  
  158  12:19  Marine  
  158  12:22  Marine x3  
  143  12:23  Marine x2  
  143  12:25  SCV  
  143  12:26  Marauder  
  129  12:31  SCV, Siege Tank  
  129  12:32  Orbital Command  
  129  12:33  Siege Tank  
  129  12:36  Marine x2  
  125  12:37  Marine  
  125  12:40  Marine x5  
  125  12:42  Liberator  
  132  12:47  Marine  
  127  12:54  SCV, Marine x2  
  127  12:55  Marine  
  127  12:58  Marine x5  
  131  13:03  Siege Tank  
  131  13:05  Marine  
  140  13:08  Orbital Command  
  140  13:12  Marine  
  140  13:13  Refinery  
  140  13:15  Refinery  
  140  13:17  Supply Depot  
  140  13:18  Supply Depot  
  140  13:25  Marine x2  
  140  13:26  SCV  
  140  13:34  Supply Depot x2  
  140  13:36  Barracks Tech Lab x2, Supply Depot  
  140  13:37  Barracks Tech Lab  
  140  13:50  Sensor Tower  
  140  13:55  Terran Infantry Weapons Level 3  
  140  13:56  Medivac x2, SCV x2, Siege Tank, Marine x3  
  140  13:58  SCV x2  
  154  14:04  Supply Depot  
  154  14:06  Supply Depot  
  154  14:08  SCV  
  156  14:10  SCV  
  156  14:13  SCV  
  157  14:18  Widow Mine  
  157  14:21  SCV  
  160  14:25  Supply Depot  
  160  14:26  Medivac x2, Supply Depot  
  160  14:28  Widow Mine  
  166  14:37  SCV  
  164  14:40  Sensor Tower  
  164  14:41  Command Center  
  164  14:43  Widow Mine  
  163  14:49  SCV  
  163  14:50  Marauder, Widow Mine  
  163  14:51  SCV  
  166  14:53  SCV  
  166  14:59  Bunker  
  162  15:01  Bunker, SCV, Refinery  
  162  15:06  Ghost Academy  
  163  15:13  SCV x2  
  165  15:15  Widow Mine x2  
  167  15:22  SCV  
  167  15:27  SCV  
  177  15:30  SCV  
  177  15:33  SCV  
  179  15:36  Ghost x3  
  177  15:44  Command Center  
  177  15:45  Ghost  
  177  15:46  Refinery  
  122  16:06  Marauder x2  
  122  16:07  Marine  
  122  16:08  Marine, Marauder  
  122  16:10  Marine  
  109  16:12  Marine  
  109  16:14  Marine, Marauder  
Show
View Real Time Build Order
Export as new Build Order

Lambo Zerg - Winner!

Build Orders: Hatch First 

Get SALT Encoding   

  12  0:00  Drone  
  13  0:12  Overlord  
  13  0:17  Drone  
  14  0:31  Drone x2  
  16  0:48  Hatchery  
  15  0:50  Drone  
  15  0:54  Drone  
  17  0:57  Drone  
  18  1:11  Extractor  
  17  1:12  Spawning Pool  
  17  1:15  Drone  
  17  1:18  Drone  
  18  1:27  Drone  
  19  1:38  Drone  
  20  1:48  Drone  
  21  1:59  Queen x2  
  21  2:00  Zergling x4  
  27  2:10  Drone  
  27  2:12  Overlord  
  28  2:19  Hatchery  
  28  2:21  Drone  
  28  2:30  Drone  
  28  2:31  Drone  
  28  2:35  Drone  
  28  2:36  Queen  
  31  2:42  Overlord  
  33  2:47  Metabolic Boost  
  33  2:49  Drone  
  34  2:57  Drone x2  
  36  3:04  Queen  
  38  3:07  Drone x3  
  38  3:09  Drone  
  38  3:10  Drone  
  43  3:15  Drone  
  43  3:18  Overlord  
  44  3:25  Overlord  
  44  3:33  Drone  
  44  3:34  Queen  
  45  3:38  Queen  
  45  3:41  Drone  
  50  3:44  Drone x3  
  53  3:49  Drone x3  
  53  3:52  Drone  
  53  3:53  Drone x4  
  61  3:56  Overlord  
  61  4:03  Overlord  
  61  4:04  Drone x2  
  63  4:12  Queen  
  63  4:13  Evolution Chamber  
  63  4:15  Evolution Chamber, Queen  
  65  4:17  Drone  
  65  4:18  Drone  
  65  4:20  Drone  
  65  4:23  Drone x2  
  70  4:25  Overlord  
  70  4:27  Drone x2  
  71  4:31  Drone  
  71  4:33  Extractor  
  71  4:38  Drone x2  
  71  4:41  Zerg Melee Weapons Level 1  
  71  4:43  Spore Crawler x2  
  71  4:44  Spore Crawler  
  70  4:47  Hatchery  
  70  4:50  Drone x3  
  72  4:57  Drone x3  
  72  4:58  Zergling x6  
  78  5:04  Zerg Ground Armor Level 1  
  78  5:07  Zergling x4  
  80  5:08  Drone x2  
  80  5:09  Drone  
  80  5:11  Spore Crawler  
  80  5:13  Drone  
  83  5:15  Lair  
  83  5:18  Extractor  
  83  5:19  Extractor  
  81  5:22  Drone x2  
  81  5:24  Baneling Nest  
  82  5:32  Drone x7  
  82  5:33  Overlord x3  
  89  5:36  Overlord  
  89  5:40  Overlord  
  89  5:44  Overlord  
  89  5:53  Zergling x6  
  89  6:02  Zergling x18  
  97  6:09  Drone  
  97  6:16  Centrifugal Hooks  
  97  6:17  Zergling x10  
  102  6:21  Hatchery  
  102  6:23  Zergling x12  
  107  6:33  Zergling x14  
  114  6:46  Zergling x8  
  116  6:55  Zergling x4  
  116  6:56  Zergling x16  
  116  6:59  Drone x4  
  126  7:05  Zerg Ground Armor Level 2, Zerg Melee Weapons Level 2  
  126  7:06  Drone x3  
  129  7:09  Overseer  
  129  7:11  Drone x3  
  129  7:12  Hatchery  
  131  7:17  Drone  
  132  7:23  Drone x4  
  132  7:24  Overlord x2  
  132  7:25  Overlord  
  132  7:28  Overlord  
  132  7:29  Overlord  
  136  7:32  Overlord  
  136  7:33  Overlord  
  136  7:34  Overlord, Baneling x4  
  136  7:39  Overlord  
  136  7:40  Overlord  
  136  7:44  Overlord  
  136  7:46  Zergling x16  
  136  7:49  Drone  
  145  7:52  Drone  
  145  7:55  Overseer  
  145  7:57  Zergling x12  
  152  8:03  Zergling x14, Hatchery  
  158  8:05  Drone x2  
  158  8:06  Drone  
  158  8:10  Infestation Pit  
  158  8:12  Zergling x6  
  161  8:15  Zergling x6  
  161  8:16  Baneling x8  
  161  8:18  Baneling x3  
  161  8:19  Zergling x6  
  167  8:27  Zergling x18  
  166  8:31  Zergling x8  
  164  8:35  Zergling x8  
  164  8:40  Zergling x14  
  158  8:45  Zergling x2  
  144  8:49  Baneling x12  
  144  8:50  Zergling x2  
  144  8:51  Zergling x12  
  144  8:54  Zergling x10  
  156  8:57  Zergling x6  
  156  8:59  Baneling x4  
  159  9:03  Zergling x8  
  159  9:09  Zergling x14  
  164  9:16  Zergling x16  
  158  9:22  Zergling x14  
  158  9:24  Zergling x4  
  158  9:31  Zergling x12  
  160  9:37  Zergling x8  
  150  9:43  Zergling x8  
  142  9:51  Zergling x22  
  142  9:52  Hive  
  136  10:00  Zergling x16  
  136  10:04  Drone x2  
  136  10:05  Drone x3  
  148  10:10  Baneling x8  
  148  10:12  Baneling x8  
  148  10:13  Overseer  
  148  10:14  Drone x2  
  148  10:17  Overseer  
  148  10:19  Spore Crawler  
  148  10:21  Zergling x12  
  155  10:23  Zergling x6  
  155  10:25  Baneling x6  
  158  10:28  Zergling x8  
  158  10:32  Zergling x8  
  158  10:34  Zergling x6  
  158  10:35  Zergling x2  
  166  10:38  Drone x4  
  169  10:45  Zergling x16  
  164  10:51  Zergling x6  
  158  10:58  Queen  
  158  11:00  Zergling x18  
  158  11:03  Queen x2  
  162  11:09  Zerg Ground Armor Level 3  
  161  11:12  Zerg Melee Weapons Level 3  
  154  11:23  Zergling x20  
  154  11:24  Baneling  
  154  11:25  Baneling x2  
  153  11:36  Zergling x22  
  164  11:45  Hatchery  
  160  11:55  Zergling x20  
  160  11:57  Overlord  
  155  12:02  Zergling x10  
  155  12:05  Spore Crawler  
  157  12:13  Queen, Zergling x10  
  164  12:22  Zergling x14  
  143  12:32  Zergling x18  
  143  12:36  Zergling x2  
  136  12:41  Zergling x8, Hatchery  
  130  12:51  Zergling x10  
  130  12:56  Baneling x5  
  130  12:58  Baneling x10  
  131  13:10  Drone x7  
  137  13:13  Ultralisk Cavern  
  137  13:19  Spore Crawler, Zergling x8  
  138  13:27  Zergling x8  
  138  13:29  Queen x3  
  138  13:30  Drone x2  
  148  13:35  Viper x3  
  157  13:47  Spore Crawler  
  156  13:53  Pneumatized Carapace  
  156  13:59  Spore Crawler  
  154  14:04  Chitinous Plating  
  154  14:05  Ultralisk x2  
  166  14:15  Ultralisk x2  
  178  14:23  Ultralisk  
  184  14:46  Ultralisk x2  
  196  14:56  Hatchery  
  196  14:57  Zergling x8  
  199  15:11  Hatchery  
  198  15:16  Overlord, Baneling  
  198  15:20  Extractor  
  196  15:22  Extractor  
  196  15:23  Baneling x12  
  196  15:25  Baneling x5  
  195  15:28  Zergling x10  
  195  15:35  Baneling x4  
  199  15:54  Zergling x2  
  199  15:55  Zergling x24  
  173  15:58  Zergling x24  
  173  15:59  Zergling x8  
  180  16:16  Zergling x14  
Tags
 
Add a new tag
Caveats
  • Supply blocks, unpowered buildings, or Contaminate may cause inaccurate times.
  • Supply counts are checked every 10 seconds.